 Dungeon Crawl Stone Soup version 0.25-a0-558-g78a2afb0af (webtiles) character file.

Game seed: 7424841089080591137, levelgen mode: deterministic

29 Flugslaktarn the Covered (level 3, -10/33 HPs)
             Began as a Minotaur Fighter on Feb 24, 2020.
             Killed by divine providence
             ... invoked by an orc priest
              (11 damage)
             ... on level 3 of the Dungeon.
             The game lasted 00:00:24 (342 turns).

Flugslaktarn the Covered (Minotaur Fighter)          Turns: 342, Time: 00:00:25

Health: -10/33     AC: 13    Str: 21    XL:     3   Next: 1%
Magic:  2/2        EV:  7    Int:  5    God:
Gold:   0          SH:  9    Dex:  9    Spells: 2/2 levels left

rFire    . . .     SeeInvis .   a - +0 war axe
rCold    . . .     Gourm    .   c - +0 kite shield
rNeg     . . .     Faith    .   b - +0 scale mail
rPois    .         Spirit   .   (helmet restricted)
rElec    .         Reflect  .   j - +2 cloak
rCorr    .         Harm     .   (no gloves)
MR       .....                  i - +2 pair of boots
Stlth    ..........             (no amulet)
HPRegen  0.11/turn              (no ring)
MPRegen  0.08/turn              (no ring)

@: no status effects
A: retaliatory headbutt, horns 2
a: no special abilities


You were on level 3 of the Dungeon.
You were not hungry.

You visited 1 branch of the dungeon, and saw 3 of its levels.

Inventory:

Hand Weapons
 a - a +0 war axe (weapon)
Armour
 b - a +0 scale mail (worn)
 c - a +0 kite shield (worn)
 i - a +2 pair of boots (worn)
   (You found it on level 1 of the Dungeon)
 j - a +2 cloak (worn)
   (You found it on level 2 of the Dungeon)
Jewellery
 h - an uncursed ring of protection from fire {unknown}
   (You found it on level 1 of the Dungeon)
Potions
 d - a potion of might
 f - a potion of stabbing {unknown}
 k - 2 potions of haste {unknown}
Comestibles
 e - 2 rations
 g - 4 chunks of flesh


   Skills:
 + Level 3.9 Fighting
 * Level 3.2 Axes
 + Level 4.0 Armour
 + Level 3.9 Shields


You had 2 spell levels left.
You didn't know any spells.
Your spell library was empty.

Dungeon Overview and Level Annotations

Branches:
Dungeon (3/15)

Altars:


Innate Abilities, Weirdness & Mutations

You reflexively headbutt those who attack you in melee.
You have a pair of horns on your head.


Message History

You are too injured to fight recklessly!
You are too injured to fight recklessly!
You are too injured to fight recklessly!
You are too injured to fight recklessly!
You are too injured to fight recklessly!
You are too injured to fight recklessly!
Unknown command.
You hit the orc priest.
The orc priest is lightly wounded.
You hit the orc priest. You hit the orc.
You kill the orc!
You have reached level 3!
Your experience leads to an increase in your attributes!
Increase (S)trength, (I)ntelligence, or (D)exterity?
You feel stronger. You block the orc priest's attack.
An orc comes into view. It is wielding a +0 hand axe.
The orc priest mumbles some strange prayers to Beogh against you.
Beogh smites you!
You die...

## ..# #..#
##...## #
.......
###.####.......
..?....oo.o..#
#o@# #.....[##
###.#.. #..#.
..... .... ..
... .#. ... .#.


You could see 2 orc priests and 2 orcs.

Vanquished Creatures
  4 orcs (D:3)
  2 giant cockroaches
  3 hobgoblins
  3 jackals (D:1)
  2 quokkas
  A bat (D:1)
  A goblin (D:2)
  2 kobolds
  5 rats
23 creatures vanquished.

Notes
Turn   | Place    | Note
-------+----------+-------------------------------------------
     0 | D:1      | Flugslaktarn the Minotaur Fighter began the quest for the
                  | Orb.
     0 | D:1      | Reached XP level 1. HP: 19/19 MP: 0/0
     6 | D:1      | Noticed a rime drake
     6 | D:1      | Noticed an anaconda
     6 | D:1      | Noticed a komodo dragon
     7 | D:1      | Noticed a polar bear
   173 | D:1      | Reached XP level 2. HP: 27/27 MP: 1/1
   338 | D:3      | Reached skill level 4 in Armour
   341 | D:3      | HP: 1/27 [orc priest/nerve-wracking pain (14)]
   342 | D:3      | Reached XP level 3. HP: 1/33 MP: 2/2
   342 | D:3      | Killed from afar by an orc priest

Levels and vault maps discovered:
D:1:      onia_arrival_zoo_common, layout_basic, kennysheep_minor_cross,
          minmay_tromino_v4_a
D:2:      layout_loops_ring, wad_floor_pattern_untrapped, minmay_distorted
D:3:      layout_rooms, serial_bayou_pond_a, uniq_sigmund

Skill      XL: |  1  2 |
---------------+-------+-----
Axes           | 3 |  3.2
Armour         | 4 |  4.0
Fighting       | |  3.9
Shields        | |  3.9

Action                   || total
-------------------------++-------
Melee: War axe           ||    47
       Headbutt          ||     8
Armor: Scale mail        ||    29
Dodge: Dodged            ||    21
Block: Kite shield       ||    26

Table legend:
 A = Non-vault XP
 B = Vault XP
 C = Vault XP percentage of total XP
 D = Non-vault monster count
 E = Vault monster count
 F = Vault count percentage of total count
                 A         B        C        D         E       F
            +---------+---------+-------+---------+---------+-------
      Total |      39 |       3 |   7.1 |      21 |       2 |   8.7
            +---------+---------+-------+---------+---------+-------
        D:1 |      15 |       0 |   0.0 |      10 |       0 |   0.0
        D:2 |      10 |       3 |  23.1 |       6 |       2 |  25.0
        D:3 |      14 |       0 |   0.0 |       5 |       0 |   0.0
            +---------+---------+-------+---------+---------+-------
